 Dungeon Crawl Stone Soup version 0.29.1-1-gd02db69 (webtiles) character file.

Game seed: 4521102110747881286

226 malesh the Slasher (level 5, 0/40 HPs)
             Began as a Demonspawn Gladiator on Oct 14, 2022.
             Slain by an orc
             ... wielding a +0 mace
              (4 damage)
             ... on level 5 of the Dungeon.
             The game lasted 00:06:33 (3445 turns).

malesh the Slasher (Demonspawn Gladiator)           Turns: 3445, Time: 00:06:34

Health: 0/40       AC: 10    Str: 14    XL:     5   Next: 69%
Magic:  5/5        EV: 13    Int: 10    God:
Gold:   74         SH:  0    Dex: 16    Spells: 4/4 levels left

rFire   . . .      SeeInvis .   a - +0 long sword
rCold   . . .      Faith    .   (no shield)
rNeg    . . .      Spirit   .   b - +0 leather armour
rPois   .          Reflect  .   (helmet restricted)
rElec   .          Harm     .   g - +0 cloak
rCorr   .          Rampage  .   p - +0 pair of gloves
Will    .....                   f - +2 pair of boots
Stlth   ++........              i - amulet of the acrobat
HPRegen 0.13/turn               (no ring)
MPRegen 0.09/turn               (no ring)

@: no status effects
A: horns 1, molten scales 1
a: no special abilities


You were on level 5 of the Dungeon.
You visited 1 branch of the dungeon, and saw 5 of its levels.

You collected 140 gold pieces.
You spent 66 gold pieces at shops.

Inventory:

Hand Weapons
 a - a +0 long sword (weapon)
Missiles
 d - 3 throwing nets (quivered)
 e - a javelin
Armour
 b - a +0 leather armour (worn)
 c - a +0 helmet
 f - a +2 pair of boots (worn)
 g - a +0 cloak (worn)
 p - a +0 pair of gloves (worn)
Jewellery
 i - an amulet of the acrobat (around neck)
 q - a ring of ice
Wands
 k - a wand of flame (19)
Scrolls
 h - a scroll of enchant weapon {unknown}
 l - a scroll of identify
 m - a scroll of teleportation
 n - 6 scrolls of amnesia
Potions
 j - 2 potions of cancellation {unknown}
 o - a potion of heal wounds


   Skills:
 + Level 2.9 Fighting
 + Level 4.3 Long Blades
 + Level 1.9 Throwing
 + Level 2.1 Armour
 + Level 3.2 Dodging
 + Level 1.1 Stealth


You had 4 spell levels left.
You didn't know any spells.
Your spell library contained the following spells:

 Spells                   Type           Power      Damage    Failure   Level
 Beastly Appendage        Tmut           0%         N/A       43%         1
 Static Discharge         Conj/Air       0%         3-3/arc   56%         2
 Wereblood                Tmut           0%         N/A       56%         2
 Spider Form              Tmut/Pois      0%         N/A       80%         3
 Lightning Bolt           Conj/Air       0%         1d11      100%        5
 Maxwell's Capacitive Co  Air            0%         ∞         100%        8


Dungeon Overview and Level Annotations

Branches:
Dungeon (6/15)
 Temple: D:4-7

Altars:
Trog

Shops:
D:1 :   D:2 ?


Innate Abilities, Weirdness & Mutations

You have a pair of small horns on your head.
You are partially covered in molten scales. (AC +2)


Message History

You see here a scroll of teleportation.
m - a scroll of teleportation The scorpion closely misses you.
The orc barely misses you.
The orc priest hits you with a +0 hand axe.
The orc wizard barely misses you.
Okay, then.
Unknown command.
Unknown command.
Unknown command.
Unknown command.
Unknown command.
Unknown command.
Unknown command.
Unknown command.
You closely miss the orc priest.
The scorpion stings you but does no damage.
The orc hits you with a +0 mace. The orc wizard barely misses you.
The orc priest hits you but does no damage.
You closely miss the orc priest. The scorpion closely misses you.
The orc hits you but does no damage. The orc priest hits you with a +0 whip.
The orc wizard hits you but does no damage.
The scorpion stings you but does no damage.
You hit the orc wizard.
The orc wizard is heavily wounded.
You feel less confused. The orc misses you.
The orc wizard points at you and mumbles some strange words.
You resist with some effort.
The scorpion stings you but does no damage.
The orc priest calls down the wrath of Beogh upon you.
Pain shoots through your body!
The orc priest mumbles some strange prayers to Beogh against you.
Beogh smites you!
* * * LOW HITPOINT WARNING * * *
The orc wizard hits you but does no damage.
You slash the orc priest!
The orc priest is almost dead.
The scorpion stings you but does no damage.
The orc hits you with a +0 mace.
You die...

# # # # #
.#########
.........#
......so.#
......o@o#
.....ooo.#
.......o.#
.........#
.........#
.........#
...#+#####
###


You could see a scorpion, 2 orc priests, 2 orc wizards and 3 orcs.

Vanquished Creatures
  Sigmund (D:3)
  2 adders (D:2)
  A worm (D:2)
  A dart slug (D:1)
  3 bats
  7 endoplasms
  2 giant cockroaches
  6 goblins
  A hobgoblin (D:1)
  4 jackals (D:2)
  9 ball pythons
  4 frilled lizards
  3 kobolds
  8 rats
  A spectral goblin (D:2)
53 creatures vanquished.

Notes
Turn   | Place    | Note
-------+----------+-------------------------------------------
     0 | D:1      | malesh the Demonspawn Gladiator began the quest for the
                  | Orb.
     0 | D:1      | Reached XP level 1. HP: 16/16 MP: 1/1
   388 | D:1      | Found Wyror's Book Boutique.
   401 | D:1      | Gained mutation: You have a pair of small horns on your
                  | head. [demonic ancestry]
   401 | D:1      | Reached XP level 2. HP: 22/22 MP: 2/2
   438 | D:1      | Reached skill level 3 in Long Blades
  1583 | D:2      | Reached skill level 1 in Armour
  1583 | D:2      | Gained mutation: You are partially covered in molten
                  | scales. (AC +2) [demonic ancestry]
  1583 | D:2      | Reached XP level 3. HP: 16/27 MP: 3/3
  2035 | D:2      | Found a faded altar of an unknown god.
  2174 | D:2      | Found a bloodstained altar of Trog.
  2193 | D:2      | Found Cucs's Magic Scroll Emporium.
  2198 | D:2      | Bought a scroll of identify for 22 gold pieces
  2198 | D:2      | Bought a scroll of noise for 11 gold pieces
  2198 | D:2      | Bought a scroll of teleportation for 33 gold pieces
  2845 | D:3      | Reached XP level 4. HP: 28/34 MP: 4/4
  2907 | D:3      | Noticed Sigmund
  2938 | D:3      | Killed Sigmund
  2939 | D:3      | Reached skill level 4 in Long Blades
  2939 | D:3      | Reached skill level 1 in Stealth
  2939 | D:3      | Reached XP level 5. HP: 4/40 MP: 5/5
  3378 | D:3      | You fall into a shaft and drop 3 floors!
  3430 | D:5      | Entered Level 5 of the Dungeon
  3445 | D:5      | Slain by an orc

Illustrated notes

Levels and vault maps discovered:
D:1:      minmay_arrival_cross, layout_basic, serial_shops, shop,
          minmay_misc_feat_diagonals, serial_bayou_ford_a
D:2:      layout_loops_corners, dreamdust_ecumenical_altar_drowned_temple,
          serial_shops, shop, basic_altar, minmay_misc_feat_five,
          minmay_misc_feat_square
D:3:      layout_loops_cross, nicolae_overflow_two_pavilions,
          small_statue_alley_b, uniq_sigmund
D:5:      layout_basic, minmay_temple_entry_from_below_b, uniq_duvessa
D:6:      layout_rooms

Skill      XL: |  1  2  3  4 |
---------------+-------------+-----
Long Blades    | 3 4 |  4.3
Dodging        | 3 |  3.2
Armour         | 1 2 |  2.1
Stealth        | 1 |  1.1
Fighting       | |  2.9
Throwing       | |  1.9

Action                   |  1- 3 |  4- 6 || total
-------------------------+-------+-------++-------
Melee: Long sword        |   132 |    36 ||   168
       Headbutt          |    10 |     4 ||    14
Throw: Throwing net      |       |     3 ||     3
  Use: Scroll            |       |     3 ||     3
       Potion            |       |     1 ||     1
 Stab: Sleeping          |     2 |     2 ||     4
Armor: Leather armour    |    44 |    10 ||    54
Dodge: Dodged            |    88 |    34 ||   122
